 Dungeon Crawl Stone Soup version 0.28.0-53-g5a82cb258f (webtiles) character file.

Game seed: 13669374844407654828

218 safid the Chopper (level 5, -1/46 HPs)
             Began as a Hill Orc Fighter on Aug 15, 2022.
             Succumbed to a goblin's poison
             ... on level 2 of the Dungeon.
             The game lasted 00:01:41 (1561 turns).

safid the Chopper (Hill Orc Fighter)                Turns: 1561, Time: 00:01:42

Health: -1/46      AC: 11    Str: 21    XL:     5   Next: 95%
Magic:  5/5        EV:  5    Int:  8    God:
Gold:   8          SH:  4    Dex: 10    Spells: 4/4 levels left

rFire   . . .      SeeInvis .   a - +0 war axe
rCold   . . .      Faith    .   c - +0 buckler
rNeg    . . .      Spirit   .   f - +0 plate armour
rPois   .          Reflect  .   (no helmet)
rElec   .          Harm     .   (no cloak)
rCorr   .          Rampage  .   (no gloves)
Will    .....                   (no boots)
Stlth   ..........              (no amulet)
HPRegen 0.15/turn               (no ring)
MPRegen 0.09/turn               (no ring)

@: mighty, lethally poisoned (-1 -> -34)
A: no striking features
a: no special abilities


You were on level 2 of the Dungeon.
You visited 1 branch of the dungeon, and saw 2 of its levels.

You collected 8 gold pieces.

Inventory:

Hand Weapons
 a - a +0 war axe (weapon)
Armour
 c - a +0 buckler (worn)
 f - a +0 plate armour (worn)
Scrolls
 b - a scroll of amnesia {unknown}
 e - a scroll of enchant weapon {unknown}
 g - a scroll of enchant armour {unknown}
 h - a scroll of vulnerability {unknown}


   Skills:
 - Level 4.0 Fighting
 + Level 6.7 Axes
 - Level 4.0 Armour
 - Level 4.0 Shields


You had 4 spell levels left.
You didn't know any spells.
Your spell library was empty.

Dungeon Overview and Level Annotations

Branches:
Dungeon (2/15)

Altars:

Shops:
D:1 *

Annotations:
D:2 Robin


Message History

You hit the hobgoblin.
The hobgoblin is moderately wounded.
You hit the goblin but do no damage.
You feel very sick. You block the goblin's attack. The hobgoblin hits you.
Robin hits you from afar with a +0 spear.
The hobgoblin barely misses you.
The goblin hits you with a +1 dagger of venom.
You are more poisoned.
You barely miss the hobgoblin.
The hobgoblin is moderately wounded.
You hit the goblin but do no damage.
You feel very sick.
The hobgoblin no longer looks unusually strong.
The hobgoblin barely misses you. The goblin hits you but does no damage.
You are more poisoned.
You slash the hobgoblin!
You kill the hobgoblin!
You closely miss the goblin.
You feel very sick.
Robin hits you from afar with a +0 spear.
The goblin hits you but does no damage.
You are lethally poisoned!
You hit the goblin.
The goblin is heavily wounded.
* * * LOW HITPOINT WARNING * * *
You feel extremely sick. The goblin hits you but does no damage.
You are more poisoned.
Robin says, "My army is invincible!"
Robin completely misses you.
You closely miss the goblin.
The goblin is heavily wounded.
* * * LOW HITPOINT WARNING * * *
You feel extremely sick. The goblin hits you but does no damage.
You are more poisoned.
You block Robin's attack.
You feel very mighty all of a sudden.
You die...

....).>......#.# #...#
######.#####.#.#.# #...# #
#.# #.#.#.# #.#####...# ##
#.# #.#.#.# #.........#
.#####+## #.#.#.#
.#######.#.# .##.....#
#.#.#.# .........#.#
.##.....#
#.#.#.############.#
..#.....#
##'#.#g#............#
#.#.....#
#....#@#g############
#..###+####....#)#...g....g
...............#.g.g..ggg..
##.###.###.....############
#................^.....
#..##...#.#.##.#########
#.......#.#.##.#.......#
#.#.........##...<.....#
#(#.......##############


You could see Robin and a goblin (strong).

Vanquished Creatures
  Sigmund (D:2)
  A dart slug (D:1)
  3 ball pythons
  5 endoplasms
  3 giant cockroaches
  9 goblins
  5 hobgoblins
  6 jackals (D:1)
  2 kobolds
  2 quokkas (D:1)
  3 bats (D:1)
  11 frilled lizards (D:1)
  4 rats
55 creatures vanquished.

Vanquished Creatures (others)
  5 plants (D:1)
5 creatures vanquished.

Grand Total: 60 creatures vanquished

Notes
Turn   | Place    | Note
-------+----------+-------------------------------------------
     0 | D:1      | safid the Hill Orc Fighter began the quest for the Orb.
     0 | D:1      | Reached XP level 1. HP: 19/19 MP: 1/1
    92 | D:1      | Reached XP level 2. HP: 27/27 MP: 2/2
   109 | D:1      | Reached skill level 3 in Axes
   273 | D:1      | Reached XP level 3. HP: 23/33 MP: 3/3
   560 | D:1      | Found a faded altar of an unknown god.
   749 | D:1      | Found Tyust's Assorted Antiques.
  1104 | D:2      | Noticed Sigmund
  1115 | D:2      | Killed Sigmund
  1116 | D:2      | Reached skill level 6 in Axes
  1116 | D:2      | Reached XP level 4. HP: 13/40 MP: 4/4
  1116 | D:2      | Reached XP level 5. HP: 15/46 MP: 5/5
  1537 | D:2      | Noticed Robin
  1561 | D:2      | Succumbed to a goblin's poison

Illustrated notes

Levels and vault maps discovered:
D:1:      lightli_arrival_boilingwater, layout_basic, serial_shops,
          nicolae_shop_trees, hellmonk_ecumenical_altar_zigzags,
          minmay_lizard_king
D:2:      layout_basic, uniq_robin, uniq_sigmund

Skill      XL: |  1  2  3 |
---------------+----------+-----
Axes           | 3 6 |  6.7
Fighting       | 4 |  4.0
Armour         | 4 |  4.0
Shields        | 4 |  4.0

Action                   |  1- 3 |  4- 6 || total
-------------------------+-------+-------++-------
Melee: War axe           |   108 |    24 ||   132
  Use: Potion            |       |     1 ||     1
 Stab: Distracted        |     1 |       ||     1
Armor: Scale mail        |    31 |       ||    31
       Plate armour      |    33 |    22 ||    55
Dodge: Dodged            |    61 |     6 ||    67
Block: Buckler           |    22 |     8 ||    30
